 Dungeon Crawl Stone Soup version 0.28-a0-1080-g05a166d0ed (webtiles) character file.

Game seed: 12015687137255146664

733 ytrimaz the Insei (level 7, -2/55 HPs)
             Began as an Octopode Transmuter on Dec 9, 2021.
             Engulfed by a cloud of steam (16 damage)
             ... on level 6 of the Dungeon.
             The game lasted 00:09:07 (6979 turns).

ytrimaz the Insei (Octopode Transmuter)             Turns: 6979, Time: 00:09:07

Health: -2/55      AC:  6    Str: 10    XL:     7   Next: 74%
Magic:  5/13       EV: 10    Int: 23    God:
Gold:   1012       SH:  0    Dex: 12    Spells: 6/14 levels left

rFire   x . .      SeeInvis .     - Unarmed
rCold   + + +      Faith    .   (shield currently unavailable)
rNeg    . . .      Spirit   .   (helmet currently unavailable)
rPois   +          Reflect  .   n - amulet of the acrobat
rElec   .          Harm     .   m - +6 ring of intelligence
rCorr   .          Rampage  .   (no ring)
Will    .....                   (no ring)
Stlth   +.........              (no ring)
HPRegen 0.18/turn               (no ring)
MPRegen 0.13/turn               (no ring)
                                (no ring)
                                (no ring)

@: ice-form, very slightly contaminated
A: freezing attack, boosted hp, almost no armour, amphibious, 8 rings, large,
(camouflage 1), (gelatinous body 1), (nimble swimmer 1), (tentacles)
a: End Transformation


You were on level 6 of the Dungeon.
You were a creature of crystalline ice.
You visited 1 branch of the dungeon, and saw 6 of its levels.
You also visited: Ossuary.

You collected 1012 gold pieces.

Inventory:

Jewellery
 a - an amulet of faith
 m - a +6 ring of intelligence (left front paw)
 n - an amulet of the acrobat (around neck)
Scrolls
 c - 2 scrolls of fog
 d - a scroll of enchant weapon
 e - 2 scrolls of blinking
 j - 3 scrolls of teleportation
 k - 4 scrolls of fear
 l - 2 scrolls of vulnerability
 q - a scroll of noise
 r - a scroll of silence
Potions
 b - 2 potions of brilliance {unknown}
 f - a potion of curing
 g - a potion of berserk rage {unknown}
 h - 3 potions of might {unknown}
 i - a potion of magic {unknown}
 o - 2 potions of lignification {unknown}
 p - 2 potions of heal wounds


   Skills:
 * Level 3.1 Fighting
 * Level 2.3 Dodging
 + Level 6.0 Unarmed Combat
 * Level 4.0 Spellcasting
 * Level 3.8 Transmutations
 - Level 1.3 Poison Magic


You had 6 spell levels left.
You knew the following spells:

 Your Spells              Type           Power      Damage    Failure   Level
a - Beastly Appendage     Tmut           44%        N/A       2%          1
b - Spider Form           Tmut/Pois      16%        N/A       11%         3
c - Ice Form              Ice/Tmut       13%        N/A       43%         4

Your spell library contained the following spells:

 Spells                   Type           Power      Damage    Failure   Level
 Wereblood                Tmut           22%        N/A       3%          2
 Animate Skeleton         Necr           8%         N/A       11%         1
 Pain                     Necr           16%        1d4       11%         1
 Vampiric Draining        Necr           4%         2d6       30%         3


Dungeon Overview and Level Annotations

Branches:
Dungeon (6/15)            Ossuary (visited)
 Temple: D:4-7

Altars:
Vehumet
Xom

Shops:
D:3 [


Innate Abilities, Weirdness & Mutations

You are a creature of crystalline ice.
You have a powerful freezing melee attack.
Your maximum health is increased.
Your armour is entirely melded.
You are incapable of wielding weapons or throwing items.
You cannot wear most types of armour.
You are amphibious.
You can wear up to eight rings at the same time.
((Your skin changes colour to match your surroundings (Stealth+).))
((Your rubbery body absorbs attacks. (AC +1, EV +1)))
((You are camouflaged near water. (Stealth+)))
((You have tentacles for arms and can constrict up to eight enemies at once.))


Message History

There is a stone staircase leading up here.
A steam dragon comes into view.
Found 16 gold pieces.
The steam dragon hisses angrily.
The steam dragon breathes steam at you. The ball of steam misses you.
The steam dragon moves out of view.
You're standing in a cloud of steam!
You're standing in a cloud of steam!
Unknown command.
There is a stone staircase leading up here.
Casting: Spider Form (dangerous; 11% risk of failure)
Confirm with . or Enter, or press ? or * to list all spells.
The spell is quite dangerous to miscast (43% risk of failure)!
Continue anyway?
You miscast Ice Form.
You are very lightly contaminated with residual magic.
You are caught in an explosion of ice and frost!
Unknown command.
Casting: Ice Form (quite dangerous; 43% risk of failure)
Confirm with . or Enter, or press ? or * to list all spells.
The spell is quite dangerous to miscast (43% risk of failure)!
Continue anyway?
You turn into a creature of crystalline ice.
Unknown command.
The steam dragon completely misses you. x2
You hit the steam dragon but do no damage.
The steam dragon bites you but does no damage.
The steam dragon claws you but does no damage.
You hit the steam dragon but do no damage.
You punch the steam dragon! You freeze the steam dragon.
The steam dragon is heavily wounded.
The steam dragon closely misses you. The steam dragon misses you.
You punch the steam dragon! You freeze the steam dragon.
The steam dragon is almost dead.
The steam dragon breathes steam at you. The ball of steam hits you!!
The steam scalds you terribly!
* * * LOW HITPOINT WARNING * * *
You hear a shout!
You hit the steam dragon. You freeze the steam dragon.
You kill the steam dragon!
You are engulfed in a cloud of scalding steam.
You die...

##############
#.....Y.......
#....<...#####
########..#
#..# #.$. ####


There were no monsters in sight!

Vanquished Creatures
  Sigmund (D:3)
  A steam dragon (D:6)
  A black bear (D:5)
  A necrophage (D:5)
  2 ogres
  An orc priest (D:3)
  A hound (D:4)
  An iguana (D:5)
  2 orc wizards (D:3)
  A hound skeleton (D:4)
  A mummy (Ossuary)
  4 adders
  A gnoll (D:4)
  A shadow imp (D:3)
  2 ufetubi
  7 worms
  A dart slug (D:1)
  9 orcs
  9 ball pythons
  2 bats
  3 endoplasms
  A giant cockroach (D:1)
  3 goblins
  9 hobgoblins
  4 jackals (D:2)
  13 kobolds
  2 quokkas
  5 frilled lizards
  12 gnoll zombies (Ossuary)
  3 goblin simulacra (Ossuary)
  2 goblin zombies (Ossuary)
  5 hobgoblin zombies (Ossuary)
  2 kobold simulacra (Ossuary)
  5 kobold zombies (Ossuary)
  6 orc zombies (Ossuary)
  6 rats
  5 rat simulacra (Ossuary)
135 creatures vanquished.

Vanquished Creatures (others)
  An adder (D:3)
  5 plants
6 creatures vanquished.

Grand Total: 141 creatures vanquished

Notes
Turn   | Place    | Note
-------+----------+-------------------------------------------
     0 | D:1      | ytrimaz the Octopode Transmuter began the quest for the
                  | Orb.
     0 | D:1      | Reached XP level 1. HP: 13/13 MP: 3/3
   219 | D:1      | Reached XP level 2. HP: 9/18 MP: 5/5
   793 | D:1      | Reached XP level 3. HP: 13/23 MP: 6/6
   945 | D:1      | Learned a level 3 spell: Spider Form
  2217 | D:2      | Reached XP level 4. HP: 10/28 MP: 2/8
  2531 | D:2      | Found a shimmering altar of Xom.
  2552 | D:2      | Reached skill level 4 in Unarmed Combat
  3454 | D:3      | Found Jatisue's Antique Armour Shop.
  3733 | D:3      | Reached XP level 5. HP: 34/34 MP: 6/9
  3872 | D:3      | Found a radiant altar of Vehumet.
  3925 | D:3      | Noticed Sigmund
  3970 | D:3      | HP: 1/34 [something/magic dart (8)]
  3984 | D:3      | Killed Sigmund
  4512 | D:3      | Reached XP level 6. HP: 34/39 MP: 5/10
  4608 | D:3      | Found a faded altar of an unknown god.
  4944 | D:4      | Reached skill level 1 in Poison Magic
  5390 | D:3      | Learned a level 4 spell: Ice Form
  5519 | D:4      | Identified a scroll of acquirement
  5519 | D:4      | Acquired 896 gold pieces
  5740 | D:4      | Reached skill level 5 in Unarmed Combat
  5826 | D:5      | Entered Level 5 of the Dungeon
  5948 | D:5      | Noticed a black bear
  5958 | D:5      | Killed a black bear
  5959 | D:5      | Reached XP level 7. HP: 26/45 MP: 8/12
  5988 | D:5      | Found a sand-covered staircase.
  5997 | Ossuary  | Entered an ossuary
  6761 | D:5      | Reached skill level 6 in Unarmed Combat
  6970 | D:6      | Noticed a steam dragon
  6979 | D:6      | Killed a steam dragon
  6979 | D:6      | Engulfed by a cloud of steam

Illustrated notes

Levels and vault maps discovered:
D:1:      kennysheep_arrival_forest, layout_rooms, serial_bayou,
          serial_bayou_lake_a, serial_bayou_pond_a, serial_bayou_pond_c,
          serial_bayou_shore_a
D:2:      layout_loops_ring, basic_altar, hangedman_decor_points,
          minmay_split_cup_small
D:3:      layout_basic, fiery_altar_vehumet, serial_shops,
          nicolae_shop_overgrown_old_shop, chequers_ecumenical_altar_grove,
          nicolae_elevator_lobby_plus, uniq_sigmund
D:4:      layout_gridville
D:5:      layout_gridville, lightli_ossuary_entry_decrepit_ruins
D:6:      layout_rooms, minmay_temple_entry_tees, serial_shops,
          nicolae_shop_behind_doors, uniq_duvessa

Skill      XL: |  1  2  3  4  5  6  7 |
---------------+----------------------+-----
Unarmed Combat | 4 5 6 |  6.0
Spellcasting   | 3 4 |  4.0
Fighting       | 2 3 |  3.1
Transmutations | 3 |  3.8
Poison Magic   | 1 |  1.3
Dodging        | |  2.3

Action                   |  1- 3 |  4- 6 |  7- 9 || total
-------------------------+-------+-------+-------++-------
Melee: Unarmed           |    99 |   149 |   115 ||   363
       Constrict         |    21 |    29 |    22 ||    72
       Tentacles         |    15 |    16 |    13 ||    44
       Punch             |     1 |     3 |     1 ||     5
       Kick              |       |     7 |       ||     7
 Cast: Spider Form       |     3 |    12 |     6 ||    21
       Beastly Appendage |       |     8 |       ||     8
       Ice Form          |       |       |     2 ||     2
  Use: Scroll            |     4 |     5 |     2 ||    11
       Potion            |       |     6 |       ||     6
 Stab: Sleeping          |     6 |     4 |     3 ||    13
Armor: Skin              |     9 |     8 |     6 ||    23
Dodge: Dodged            |    49 |    96 |    55 ||   200

Table legend: (Time is in decaauts)
 A = Elapsed time spent in this place.
 B = Non-inter-level travel time spent in this place.
 C = Inter-level travel time spent in this place.
 D = Time resting spent in this place.
 E = Time spent auto-exploring this place.
 F = Levels seen in this place.
 G = Mean time per level.
                   A        B        C        D        E       F      G
               +--------+--------+--------+--------+--------+-----+--------+
         Total |   6949 |   6805 |    144 |   1326 |   4031 |   7 |  992.7 |
       Dungeon |   6410 |   6266 |    144 |   1126 |   3987 |   6 | 1068.3 |
       Ossuary |    538 |    538 |      0 |    200 |     44 |   1 |  538.0 |
               +--------+--------+--------+--------+--------+-----+--------+

Top non-repeatable levels by time:
     D:2: 2319 daAuts
     D:3: 1472 daAuts
     D:1: 1193 daAuts
     D:4: 824 daAuts
     D:5: 591 daAuts
 Ossuary: 538 daAuts
     D:6: 9 daAuts
